Cogmind - Beta 15 @@@ ROGUE MODE // 2025.08.26 @ 17:51:00 Player: NQH Result: Destroyed by S-10 Pest with Light Assault Rifle Performance ------------- Evolutions (2) 1000 Regions Visited (3) 600 Robots Destroyed (32) 160 Value Destroyed (969) 969 Prototype IDs (1) 20 Alien Tech Used (0) 0 Bonus (0) 0 TOTAL SCORE: 2749 Bonus ------- None Cogmind --------- Core Integrity 0/550 Matter 12/300 Energy 99/100 System Corruption 3% Temperature Cool (0) Movement Core (50) Location -8/Materials Parts ------- > --- POWER (1) -------- (None) > --- PROPULSION (5) --- (None) > --- UTILITY (3) ------ (None) > --- WEAPON (2) ------- (None) > --- INVENTORY (5) ---- Heavy Deuterium Engine Large Battery (200) Particle Gun Light Assault Rifle Heavy Assault Rifle Peak State ------------ > --- POWER ------------ Heavy Deuterium Engine > --- PROPULSION ------- (None) > --- UTILITY ---------- Improved Signal Interpreter > --- WEAPON ----------- Advanced Assault Cannon Advanced Assault Cannon > --- INVENTORY -------- Large Battery Particle Gun Light Assault Rifle Heavy Assault Rifle [Rating: 16] Favorites ----------- Power Light Ion Engine Engine Light Ion Engine Power Core Light Nuclear Core Propulsion Flight Unit Treads Light Treads Leg Titanium Leg Flight Unit Flight Unit Utility Light Armor Plating Storage Small Storage Unit Processor Targeting Computer Protection Light Armor Plating Weapon Light Assault Rifle Energy Gun Particle Gun Ballistic Gun Light Assault Rifle Ballistic Cannon Advanced Assault Cannon Launcher Rocket Launcher Special Melee Weapon Datajack Build | -11 -10 -9 -8 ------- Run | Yrd Mat Mat Mat Slots Evolved 4 | . . 2 2 Power . | . . . . Propulsion 3 | . . 2 1 Utility 1 | . . . 1 Weapon . | . . . . Parts Attached 36 | 6 5 14 11 Power 6 | 1 1 3 1 Engine 5 | 1 1 2 1 Core 1 | . . 1 . Reactor . | . . . . Propulsion 13 | 2 2 7 2 Treads 2 | 2 . . . Leg 1 | . . . 1 Wheel . | . . . . Hover . | . . . . Flight 10 | . 2 7 1 Utility 5 | 1 2 1 1 Device . | . . . . Storage 1 | 1 . . . Processor 2 | . 1 . 1 Hackware . | . . . . Protection 2 | . 1 1 . Artifact . | . . . . Weapon 12 | 2 . 3 7 Energy Gun 2 | . . . 2 Energy Cannon . | . . . . Ballistic Gun 4 | 2 . 2 . Ballistic Cannon 2 | . . . 2 Launcher 3 | . . 1 2 Special Weapon . | . . . . Impact Weapon . | . . . . Slashing Weapon . | . . . . Piercing Weapon . | . . . . Special Melee Weapon 1 | . . . 1 Unidentified Prototypes 1 | . . . 1 Parts Lost 10 | . . 3 7 Power . | . . . . Propulsion 6 | . . 2 4 Utility 3 | . . 1 2 Weapon 1 | . . . 1 Highest Loss Streak 5 | . . 3 5 To Critical Strikes . | . . . . Average Backups 3 | . 3 4 4 Power . | . . . . Propulsion . | . . . . Utility 1 | . 1 1 1 Weapon 1 | . . 1 2 Tool/Special . | . . . . Unused Backups 3 | . 2 . 1 Power . | . . . . Propulsion . | . . . . Utility 3 | . 2 . 1 Weapon . | . . . . Tool/Special . | . . . . Average Slot Usage (%) 80 | . 93 97 29 Engine 9 | . 14 11 3 Treads 4 | . 18 . . Flight 27 | . 7 43 9 Storage 2 | . 11 . . Processor 7 | . 1 11 4 Protection 8 | . 10 9 1 Ballistic Gun 18 | . 28 21 2 Peak Build Rating 16 | 6 7 13 16 Average Rating 8 | 5 6 11 6 On Entrance 6 | . 6 7 12 Naked Turns 45 | . . . 45 Heaviest Build 23 | 10 13 16 23 Greatest Support 40 | 40 40 16 20 Greatest Overweight (x) 7 | . 4 1 7 Average Overweight (x) . | . . . . Largest Inventory Capacity 8 | 8 8 5 5 Average Capacity 5 | 7 7 5 5 Most Carried 8 | . 8 5 5 Average Carried 3 | . 3 4 4 Final Capacity 8 | 8 5 5 5 Final Carried 5 | . 5 5 5 Class Distribution -------------------- 44% | Mutant 28% | Scavenger-Sprinter 23% | Sprinter 3% | Scavenger-Mutant Dominant Class ---------------- Mutant | -10/Materials Scavenger-Sprinter | -9/Materials Mutant | -8/Materials Resources | -11 -10 -9 -8 ----------- Run | Yrd Mat Mat Mat Matter Collected 614 | 260 19 256 79 Remotely . | . . . . Salvage Created 967 | . 90 723 154 Parts 70 | . 12 49 9 Haulers Intercepted . | . . . . Recyclers Shooed . | . . . . Parts Field Recycled . | . . . . Retrieved Matter . | . . . . Parts Self-Destructed . | . . . . Prevented . | . . . . Kills | -11 -10 -9 -8 ------- Run | Yrd Mat Mat Mat Combat Hostiles Destroyed 28 | . 4 17 7 Guns 21 | . 4 16 1 Cannons 1 | . . . 1 AOE 5 | . . 1 4 Classes Destroyed 8 | . 2 5 1 Tunneler 1 | . . . 1 Operator 1 | . . 1 . Watcher 2 | . . 2 . Swarmer 10 | . 3 4 3 Grunt 11 | . 1 7 3 Brawler 1 | . . 1 . Duelist 1 | . . 1 . Sentry 5 | . . 4 1 Best Kill Streak 7 | . 4 7 5 Combat Bots Only 6 | . 4 4 6 Max Kills in Single Turn 2 | . 1 2 2 Gunslinging 1 | . . 1 . Exploded 2 | . . 1 2 Melee . | . . . . Uniques/NPCs Destroyed . | . . . . Combat | -11 -10 -9 -8 -------- Run | Yrd Mat Mat Mat Hostile Shots Fired 212 | . 25 63 124 Missed 79 | . 7 23 49 Hits 133 | . 18 40 75 Melee 1 | . . 1 . Projectile 132 | . 18 39 75 Critical Strikes 4 | . . 2 2 Damage Taken 1815 | . 163 521 1131 Core 667 | . 31 84 552 Absorbed by Shields . | . . . . Core Remaining (%) 88 | 100 87 79 . Volleys Fired 94 | . 9 62 23 Largest 2 | . 2 2 2 Hottest 80 | . 40 53 80 Shots Fired 168 | . 18 117 33 Gun 151 | . 18 116 17 Cannon 10 | . . . 10 Launcher 7 | . . 1 6 Special . | . . . . Kinetic 148 | . 18 116 14 Thermal 13 | . . . 13 Explosive 7 | . . 1 6 Electromagnetic . | . . . . Robot Hit Streak 14 | . 14 7 6 Robot Miss Streak 4 | . 2 3 4 Penetration Max . | . . . . Secondary Targets 4 | . 2 2 . Max Gunslinging Chain 1 | . 1 1 . Shots Hit Robots 100 | . 15 65 20 Core Hits 60 | . 8 36 16 Critical Kills 1 | . . 1 . Critical Parts Destroyed 2 | . . 2 . Critical Strikes 3 | . . 3 . Destroy 3 | . . 3 . Melee Attacks 2 | . . . 2 Impact . | . . . . Slashing . | . . . . Piercing . | . . . . Sneak Attacks 2 | . . . 2 Combat Hostiles . | . . . . Follow-up Attacks . | . . . . Damage Inflicted 1569 | . 118 823 628 Guns 1035 | . 118 730 187 Cannons 113 | . . . 113 Explosions 419 | . . 93 326 Melee . | . . . . Ramming 2 | . . . 2 Kinetic 998 | . 118 730 150 Thermal 150 | . . . 150 Explosive 358 | . . 32 326 Electromagnetic 61 | . . 61 . Impact . | . . . . Slashing . | . . . . Piercing . | . . . . Highest Corruption 3 | . . . 3 Average Corruption 3 | . . . 3 Corruption Purged . | . . . . Corruption Blocked . | . . . . Overload Shots . | . . . . Overflow Damage 43 | . . . 43 Projectiles . | . . . . Explosions 43 | . . . 43 Melee . | . . . . Knockbacks . | . . . . Impact . | . . . . Kinetic . | . . . . Secondary . | . . . . Self-Inflicted Damage 161 | . . . 161 Shots 2 | . . . 2 Rammed 3 | . . . 3 Targets Rammed 4 | . . . 4 Kicked 1 | . . . 1 Crushed . | . . . . Highest Temperature 117 | . 25 117 98 Average Temperature 28 | . 9 27 40 Received Heat Transfer 555 | . 30 201 324 Siege Activations . | . . . . Martial Activations . | . . . . Shielding Activations . | . . . . Robots Disrupted . | . . . . Combat Hostiles . | . . . . Robots Corrupted . | . . . . Combat Hostiles . | . . . . Parts Fried . | . . . . Impact Corruptions . | . . . . Robots Melted 1 | . . . 1 Combat Hostiles 1 | . . . 1 Parts Melted 1 | . . . 1 Heat Transferred 370 | . . . 370 Parts Sabotaged . | . . . . Parts Stolen . | . . . . Parts Stripped . | . . . . Power Chain Reactions . | . . . . Alert | -11 -10 -9 -8 ------- Run | Yrd Mat Mat Mat Maximum Alert Level 1 | . . 1 1 Low Security (%) 73 | 100 100 80 16 Level 1 26 | . . 19 83 Level 2 . | . . . . Level 3 . | . . . . Level 4 . | . . . . Level 5 . | . . . . High Security . | . . . . Max Security . | . . . . Peak Influence 335 | . 80 335 325 Initial 137 | . . 20 137 Average 114 | . 29 114 260 Influence Increases 936 | . 90 508 338 Destroy 0b10 Robot/C 560 | . 80 340 140 Destroy 0b10 Robot/NC 20 | . . 15 5 Destroy Leader 114 | . 10 84 20 Disable Machine 120 | . . 45 75 Destroy Structure 62 | . . 9 53 Lose Combat Pursuer 60 | . . 15 45 Influence Decreases 621 | . 40 231 350 Entered New Map 220 | . . 30 190 Time Decay 301 | . 40 171 90 Lost Part 100 | . . 30 70 Squads Dispatched 3 | . . 1 2 Investigation . | . . . . Extermination . | . . . . Reinforcement 3 | . . 1 2 Assault . | . . . . Garrison . | . . . . Intercept . | . . . . Searches Triggered . | . . . . Construction Impeded . | . . . . Haulers Reinforced . | . . . . Active Scanning Responses . | . . . . Cargo Convoy Interrupts . | . . . . Stealth | -11 -10 -9 -8 --------- Run | Yrd Mat Mat Mat Distress Signals 2 | . 1 . 1 Communications Jammed . | . . . . Distress Signals . | . . . . Times Spotted 44 | . 5 21 18 Peak Tracking Total 10 | . 5 4 10 Tactical Retreats 2 | . . 1 1 Traps | -11 -10 -9 -8 ------- Run | Yrd Mat Mat Mat Traps Triggered 1 | . . 1 . Indirectly 1 | . . 1 . Trap Hack Attempts . | . . . . Triggered . | . . . . Disarmed . | . . . . Reprogrammed . | . . . . Reused . | . . . . Traps Extracted . | . . . . Installed . | . . . . Triggered . | . . . . Machines | -11 -10 -9 -8 ---------- Run | Yrd Mat Mat Mat Machines Disabled 8 | . . 3 5 Max in Single Turn 3 | . . 1 3 Machines Repaired . | . . . . Machines Dismantled . | . . . . Machines Sabotaged . | . . . . Overloaded Fab Kills . | . . . . Hacking | -11 -10 -9 -8 --------- Run | Yrd Mat Mat Mat Machines Accessed 3 | . 2 1 . Terminals 3 | . 2 1 . Fabricators . | . . . . Repair Stations . | . . . . Recycling Units . | . . . . Scanalyzers . | . . . . Garrison Access . | . . . . Total Hacks 3 | . 2 1 . Successful 3 | . 2 1 . Failed . | . . . . Catastrophic . | . . . . Database Lockouts . | . . . . Manual . | . . . . Terminals 3 | . 2 1 . Fabricators . | . . . . Repair Stations . | . . . . Recycling Units . | . . . . Scanalyzers . | . . . . Garrison Access . | . . . . Terminal Hacks 3 | . 2 1 . Record 2 | . 1 1 . Alert Level 1 | . 1 . . Fabricator Hacks . | . . . . Repair Station Hacks . | . . . . Recycling Unit Hacks . | . . . . Scanalyzer . | . . . . Garrison Access Hacks . | . . . . Unauthorized Hacks . | . . . . Terminals . | . . . . Fabricators . | . . . . Repair Stations . | . . . . Recycling Units . | . . . . Scanalyzers . | . . . . Garrison Access . | . . . . Data Cores Recovered . | . . . . Used . | . . . . Hacking Detections 2 | . 2 . . Full Trace Events . | . . . . Feedback Events . | . . . . Feedback Blocked . | . . . . Robot Schematics Acquired . | . . . . Robots Built . | . . . . Authchips . | . . . . Time . | . . . . Total Robot Build Rating . | . . . . Part Schematics Acquired . | . . . . Parts Built . | . . . . Authchips . | . . . . Time . | . . . . Total Part Build Rating . | . . . . Parts Repaired . | . . . . Time . | . . . . Parts Recycled . | . . . . Recycled Matter . | . . . . Retrieved Matter . | . . . . Retrieved Components . | . . . . Parts Scanalyzed . | . . . . Part Schematics Acquired . | . . . . Parts Damaged . | . . . . Bothacking | -11 -10 -9 -8 ------------ Run | Yrd Mat Mat Mat Used RIF Installer . | . . . . Robots Hacked 2 | . . . 2 Non-combat 2 | . . . 2 Combat . | . . . . Robot Hacks Applied 2 | . . . 2 no_distress 2 | . . . 2 Relay Couplers Released . | . . . . Fabnet Peak Effective % . | . . . . Robots Rewired . | . . . . Allies Hacked . | . . . . Hacks Repelled . | . . . . Allies | -11 -10 -9 -8 -------- Run | Yrd Mat Mat Mat Total Allies . | . . . . Largest Group . | . . . . Highest-Rated Group . | . . . . Highest-Rated Ally . | . . . . Total Orders . | . . . . Ally Attacks . | . . . . Total Damage . | . . . . Kills . | . . . . Allies Corrupted . | . . . . Allies Melted . | . . . . Intel | -11 -10 -9 -8 ------- Run | Yrd Mat Mat Mat Active Infowar (turns) . | . . . . Robot Analysis Total . | . . . . Derelict Logs Recovered . | . . . . Drone Launches . | . . . . Drone Recoveries . | . . . . Exploration | -11 -10 -9 -8 ------------- Run | Yrd Mat Mat Mat Turns Passed 924 | 110 169 458 187 Spaces Moved 864 | 65 125 504 170 Core 138 | 2 6 . 130 Treads 112 | 63 49 . . Legs 6 | . . . 6 Wheels . | . . . . Hover . | . . . . Flight 608 | . 70 504 34 Fastest Speed 28 | 50 37 29 28 Average Speed 55 | 156 100 30 58 Slowest Speed 400 | 160 280 117 400 Overloaded Moves . | . . . . Propulsion Burnouts . | . . . . Robots Hopped 3 | . . 3 . Potential Cave-ins . | . . . . Cave-ins Triggered 1 | . . . 1 Exploration Rate (%) 23 | 4 27 36 27 Regions Visited 3 Branch Regions . Pre-discovered Areas . | . . . . Known Exits Taken . | . . . . Unknown Exits Taken 3 | 1 1 1 . Scrap Searched . | . . . . Spaces Dug . | . . . . Terrain Destroyed 99 | . . 7 92 Melee . | . . . . Projectile 2 | . . . 2 AOE 97 | . . 7 90 Terrain Rammed . | . . . . Walls Destroyed . | . . . . Machines Disabled . | . . . . Actions | -11 -10 -9 -8 --------- Run | Yrd Mat Mat Mat Total 1147 | 70 156 700 221 Wait 116 | . . 109 7 Move 855 | 64 124 497 170 Hop 3 | . . 3 . Pick Up 12 | . 9 3 . Fast Attach 20 | 6 4 3 7 Attach 4 | . . 2 2 Detach 5 | . 2 . 3 Swap 14 | . 1 11 2 Drop 18 | . 7 10 1 Fire 94 | . 9 62 23 Melee 2 | . . . 2 Ram 3 | . . . 3 Kick 1 | . . . 1 Crush . | . . . . Escape Stasis . | . . . . Rewire . | . . . . Trap . | . . . . Miscellaneous . | . . . . Route ------- -11/Scrapyard -10/Materials -9/Materials (discovered 3 exits: [*Mat x2] / [*Sto]) -8/Materials History --------- Turn | Location | Event 12 | -11/Scrapyard | Discovered new exit (range 15) 111 | -11/Scrapyard | Entered Materials 280 | -10/Materials | Discovered new exit (range 3) 280 | -10/Materials | Entered another Materials area 280 | -9/Materials | Evolved 2 slots: Propulsion x2 581 | -9/Materials | Lost 3 parts (2n1u) 587 | -9/Materials | Discovered new exit (range 6) 616 | -9/Materials | Discovered new exit (range 14) 685 | -9/Materials | Discovered new exit (range 16) 738 | -9/Materials | Entered another Materials area 738 | -8/Materials | Evolved 2 slots: Propulsion x1, Utility x1 774 | -8/Materials | Released all parts (5) 799 | -8/Materials | Lost 5 parts (4n1u) 873 | -8/Materials | Crushed by falling debris 875 | -8/Materials | Released all parts (2) 876 | -8/Materials | Core integrity fell below 50% 911 | -8/Materials | Core integrity fell below 20% 921 | -8/Materials | Released all parts (1) 925 | -8/Materials | Destroyed by S-10 Pest with Light Assault Rifle Last Messages --------------- 00873_ Imp. Signal Interpreter destroyed. 00873_ System corrupted by crushing effect (+3). 00875_ Released Adv. Assault Cannon. 00875_ ALERT: Hostiles spotted, dispatching reinforcements to Terminal M005. 00881_ Critical hit (Burn: +37). 00886_ K-01 Serf collects debris. 00898_ Slammed into K-01 Serf. 00899_ K-01 Serf cleans the Atomic Centrifuge. 00900_ U-05 Engineer works on Atomic Centrifuge. 00904_ O-16 Technician: "IFF HANDSHAKE FAILED. SECURING TERMINAL." 00905_ S-10 Pest destroyed. 00907_ Slammed into Y-45 Defender. 00910_ Acquired Titanium Leg. 00911_ ALERT: Hostiles spotted, dispatching reinforcements to Terminal M001. 00912_ Kicked S-10 Pest. 00921_ Released Titanium Leg. 00921_ U-05 Engineer works on Atomic Centrifuge. Map ----- +----------------------------------------------------+ | ????????????????????????????????????????????? | | ????????????????????????????????????????????? | | ????????????????????????????????????????????? | | ????????????????????????????????????????????? | | ????????????????????????????????????????????? | | ????????????????????????????????????????????? | | ????????????????????????????????????????????? | | ????????????????????????????????????????????? | | ????????????????????????????????????????????? | | ????????????????????????????????????????????? | | ????????????????????????????????????????????? | | ????????????????????????????????????????????? | | ????????????????????????????????????????????? | | ????????????????????????????????????????????? | | ????????????????????????????????????????????? | | ??????????????????????????????????##????????? | | ????????????????????????########## ##???????? | | ????????????????????????# [ #???????? | | ????????????????#???????# #???????? | | ????????????????# ??????# = """ +???????? | | ????????????????# ??????# = """ #???????? | | ????????????????+ ?????# ] """ #???????? | | ????????????????# ?????# #???????? | | ????????????????# ????# #???????? | | ???????????????## ##########+######???????? | | ???????????????# @ ss = #??????????? | | ???????????????# a % #######????? | | ???????????????# """ [!! + ""?? | | ???????????????# """ k[!k #######????? | | ???????????????# """ !! #??????????? | | ???????????????# #??????????? | | ???????????????# #??????????? | | ???????????????# "o <<< """ #??????????? | | ???????????????# T u< """ ###########+ | | ?????????????? " < """ | | ?????????????? | | ???????????????? | | ????????????????##+###########+############ | | ??????????????????????????# #??????# | | ??????????????????????????# ! """ #??????# | | ??????????????????????????# """ #??????+ | | ??????????????????????????# ! """ #??????# | | ??????????????????????????# #??????# % | | ??????????????????????????# """ #??????# % | | ??????????????????????????# """ #??????# | | ??????????????????????????#* """ #??????# | | ??????????????????????????# = #??????# | | ??????????????????????????######/###??????# | | ?????????????????????????????### #????????# | | ??????????????????????######## # #????????# | +----------------------------------------------------+ Best States ------------- Heat Dissipation 31 Energy Generation 18 Energy Capacity 310 Matter Stores 300 Matter Capacity 300 Sight Range 16 Terrain Scan Density 10 Armor Coverage 150 Evasion (%) 64 Targeting Accuracy 5 Recoil Reduction 2 Item Schematics ----------------- None Robot Schematics ------------------ None Fabricated ------------ Nothing Repaired ---------- Nothing Alien Tech Used ----------------- None Achievements -------------- None Challenges ------------ None Game ------ Seed GreatCoilBox Manual? 0 Play Time 00:13:49 Cumulative 20.1 hours Start 2025.08.26 @ 17:35:29 End 2025.08.26 @ 17:51:00 Sessions 1 Manual Loads 0 Difficulty Rogue Special Mode None Game No. 68 Rogue 68 Adventurer 0 Explorer 0 Win Type - Total 0 Types 0/0/0/0/0/0/0/0/0/0 Lore% 10 Gallery% 24 Achievement% 23 Wizard Run 0 Options --------- Layout 1 ASCII 0 Keyboard 1 Movement Vi Keybinds 0 Fullscreen 1 Font 16/SmallcapsGlow Map View 55x38 Zoom Use 0% Tactical HUD 1 Map Filters NONE Filters NONE Steam 1 RUN: 69b23503-1173-4621-8031-381486dd2335